 Dungeon Crawl Stone Soup version 0.11.3 (webtiles) character file.

71128 CrazyArbalest the Sniper (level 15, -8/117 HPs)
             Began as a Minotaur Hunter on Dec 1, 2021.
             Was the Champion of Okawaru.
             Killed from afar by an electric eel (10 damage)
             ... with a bolt of electricity
             ... on Level 13 of the Dungeon.
             The game lasted 05:25:47 (38811 turns).

CrazyArbalest the Sniper (Minotaur Hunter)         Turns: 38811, Time: 05:25:47

HP  -8/117       AC 25     Str 20      XL: 15   Next:  5%
MP  10/10        EV 11     Int  8      God: Okawaru [******]
Gold 2146        SH  0     Dex 17      Spells:  0 memorised, 14 levels left

Res.Fire  : . . .   See Invis. : .   m - +0 orc trident (venom)
Res.Cold  : . . .   Warding    : .   l - +5 splint mail of Bedevilment {god gift, M Life Prot.: . . . Conserve : + (no shield)
Res.Poison: .       Res.Corr.  : .   v - +2 wizard hat
Res.Elec. : .       Clarity    : .   Q - +2 cloak
Sust.Abil.: . .     Spirit.Shd : .   K - +1 pair of gloves
Res.Mut.  : .       Stasis     : .   N - +0 pair of boots
Res.Rott. : .       Ctrl.Telep.: +   k - amulet of conservation {unknown}
Saprovore : . . .   Levitation : .   L - ring of protection from magic {unknown} Ctrl.Flight: .
                                     M - ring of teleport control

@: extraordinarily resistant to hostile enchantments, extremely unstealthy
A: retaliatory headbutt, horns 2, fast metabolism 1
a: Heroism, Finesse, Renounce Religion


You were on level 13 of the Dungeon.
You worshipped Okawaru.
Okawaru was exalted by your worship.
You were near starving.

You visited 3 branches of the dungeon, and saw 25 of its levels.
You also visited: Volcano.

You collected 2580 gold pieces.
You spent 454 gold pieces at shops.

Inventory:

Hand weapons
 a - the +1,+0 war axe "Jellybane" {freeze, *Tele +Lev Dex+3 Int+4}
   (You found it on level 8 of the Dungeon)

   It has been specially enchanted to freeze those struck by it, causing extra
   injury to most foes and up to double damage against particularly susceptible
   opponents.
   It can also slow down cold-blooded creatures.
   It affects your intelligence (+4).
   It affects your dexterity (+3).
   It lets you levitate.
   It causes teleportation.
 b - a +3,+0 crossbow of frost {god gift}
 m - a +0,+0 orcish trident of venom (weapon)
 w - a cursed +1,+2 halberd
 H - a +1,+1 crossbow
 J - a +4,+0 great mace of protection {god gift}
 P - a cursed +1,+1 battleaxe
Missiles
 c - 17 bolts of penetration {god gift}
 g - 11 bolts of frost
 n - 9 poisoned bolts {god gift}
 o - 34 silver bolts
 q - 3 bolts of flame {god gift}
 s - 9 bolts
 I - 16 steel bolts
Armour
 l - the +5 splint mail of Bedevilment (worn) {god gift, MR Str+3}
   (Okawaru gifted it to you on level 8 of the Lair of Beasts)

   It affects your strength (+3).
   It increases your resistance to enchantments.
 v - a +2 wizard hat (worn)
 E - a +2 troll leather armour
 K - a +1 pair of gloves (worn)
 N - a +0 pair of boots (worn)
 O - the +0 pair of gloves "Criojaxy" {rF+ Dam-2}
   (You found it on level 12 of the Dungeon)

   It affects your damage-dealing abilities (-2).
   It protects you from fire.
 Q - a +2 cloak (worn)
Magical devices
 h - a wand of heal wounds (5) {unknown}
 j - a wand of magic darts (8)
 A - a wand of fire (3)
 R - a wand of digging (5)
 S - a wand of confusion (4) {unknown}
Comestibles
 f - 9 bread rations
Scrolls
 d - a scroll of enchant weapon II
 r - 3 scrolls of blinking
 F - 3 scrolls of fear
 G - 3 scrolls of teleportation
 V - a scroll of identify
 W - 2 scrolls of enchant weapon I
Jewellery
 k - an amulet of conservation (around neck) {unknown}
 p - the ring of Priplif {unknown, Int+3 Acc+5}
   (You found it on level 8 of the Lair of Beasts)

   [ring of intelligence]

   It affects your intelligence (+3).
   It affects your accuracy (+5).
 x - an uncursed ring of fire
 y - an uncursed ring of protection from cold
 B - an uncursed ring of sustenance
 C - an uncursed amulet of the gourmand
 D - an uncursed ring of protection from cold
 L - a ring of protection from magic (right hand) {unknown}
 M - a ring of teleport control (left hand)
 T - an uncursed ring of protection from cold
 Z - an uncursed amulet of clarity
Potions
 e - a potion of speed {unknown}
 i - 3 potions of heal wounds
 t - 10 potions of curing
 u - 2 potions of mutation
 z - a potion of might
 U - a potion of agility


   Skills:
 + Level 7.8 Fighting
 + Level 6.2 Axes
 + Level 3.7 Maces & Flails
 + Level 6.9 Polearms
 * Level 23.2 Crossbows
 + Level 8.5 Armour
 + Level 12.4 Dodging
 + Level 3.6 Stealth
 + Level 1.7 Stabbing
 + Level 2.8 Traps & Doors
 + Level 2.1 Invocations
 + Level 0.6 Evocations


You had 14 spell levels left.
You didn't know any spells.

Dungeon Overview and Level Annotations

Branches:
Dungeon (13/27)            Temple (0/1) D:4             Orc (4/4) D:11
    Elf (0/3) Orc:4          Lair (8/8) D:8           Swamp (0/5) Lair:4
  Snake (0/5) Lair:6        Slime (0/6) Lair:7

Altars:
Cheibriados
Kikubaaqudgha
Okawaru
Vehumet
Xom
Beogh

Shops:
D:9: ( Orc:1: * Orc:2: ? Orc:4: /(!?

Portals:
Ziggurat: D:12 (3670 gp)

Annotations
D:9 Banto's ghost, experienced SESt


Innate Abilities, Weirdness & Mutations

You reflexively headbutt those who attack you in melee.
You have a pair of horns on your head.
You have a fast metabolism.


Message History

Moving in this stuff is going to be slow.
The electric eel shoots out a bolt of electricity!
The bolt of electricity hits you!
* * * LOW HITPOINT WARNING * * *
The electric eel looks more healthy.
The electric eel turns to fight!
The electric eel shoots out a bolt of electricity!
The bolt of electricity hits the sheep.
The bolt of electricity hits you!
* * * LOW HITPOINT WARNING * * *
You are near starving!
The electric eel shoots out a bolt of electricity!
The bolt of electricity hits you!
* * * LOW HITPOINT WARNING * * *
The electric eel shoots out a bolt of electricity!
The bolt of electricity hits the sheep.
The sheep dies!
The bolt of electricity hits you!
* * * LOW HITPOINT WARNING * * *
The electric eel shoots out a bolt of electricity!
The bolt of electricity hits you!
You die...

######### ##.......#
......... # ##.≈≈≈..##.#
#..≈≈≈≈..#.########
###.≈≈≈≈≈...........######
....≈≈...@...######.......
###.≈≈;%zY...#############
#.≈≈..zK≈.........# ####
#.≈≈...≈≈.#.#####.# #...
#.≈;.∩.≈≈...# #(# #..≈
#.≈≈...≈≈.### #%# #..≈ #
##.≈≈...≈≈.# #.###..≈
#.#..≈≈.∩.{≈.# #.##..≈≈
#.....≈...≈≈.# #.#....≈


You could see a sheep, 2 electric eels, a wight, a giant centipede zombie and a
kobold.

Vanquished Creatures
  Donald (Orc:3)
  Gastronok (Lair:1)
  6 dire elephants (Lair:8)
  Erica (Orc:3)
  Harold (D:11)
  Josephine (D:10)
  5 hydras
  Nessos (D:11)
  The ghost of beholder the Nimble, a powerful SpSt of Ashenzari (Orc:4)
  An anaconda (Lair:8)
  A wolf spider zombie (D:13)
  5 death yaks
  Urug (D:13)
  Nergalle (Orc:3)
  Erolcha (Orc:1)
  A slime creature (D:13)
  2 unseen horrors
  3 giant amoebae (Lair:7)
  2 lindwurms (Lair:8)
  A hill giant (D:13)
  5 cyclopes
  A minotaur skeleton (Volcano)
  A griffon (Lair:8)
  2 black mambas (Lair:6)
  6 orc sorcerers (Orc:4)
  2 elephant slugs
  12 elephants
  A trapdoor spider zombie (D:10)
  4 spiny frogs
  A queen ant (D:10)
  A hill giant zombie (D:10)
  5 trolls
  An ugly thing (D:12)
  A komodo dragon (Lair:8)
  A brown ooze (Lair:7)
  A spriggan (D:7)
  3 blink frogs (Lair:8)
  2 basilisks
  3 two-headed ogres
  A wyvern (D:9)
  A shark (Lair:2)
  2 grizzly bears
  37 yaks
  2 fire drakes (Lair:2)
  4 hippogriffs
  A merfolk skeleton (Volcano)
  A ynoxinul (Orc:4)
  A wraith (D:11)
  A hungry ghost (D:12)
  11 war dogs
  Edmund (D:5)
  5 soldier ants (D:10)
  5 swamp worms (Lair:2)
  2 mottled dragons
  2 boulder beetles
  A necrophage (D:8)
  An elf skeleton (Volcano)
  2 yellow wasps (D:12)
  13 orc warriors
  A phantom (D:7)
  10 ogres
  2 sky beasts
  5 ice beasts
  6 centaurs
  A yak skeleton (D:10)
  13 crocodiles
  5 troll skeletons (Volcano)
  21 big kobolds
  3 wolves (D:13)
  Duvessa (Orc:1)
  7 wargs
  A boring beetle (Lair:7)
  14 water moccasins
  11 giant frogs
  A yellow wasp zombie (D:10)
  9 giant slugs
  11 agate snails
  3 insubstantial wisps (Lair:4)
  A water moccasin skeleton (D:10)
  2 basilisk skeletons
  An eye of draining (D:12)
  6 killer bees (D:11)
  2 jellyfish (Lair:2)
  A crocodile zombie (D:12)
  A shadow (D:13)
  4 wights (D:13)
  An electric eel (D:13)
  9 crimson imps
  2 quasits (D:13)
  2 goliath beetles
  Dowan (Orc:1)
  An ogre zombie (Orc:4)
  23 orc priests
  3 big kobold skeletons
  A dwarf skeleton (Volcano)
  An ogre skeleton (Volcano)
  2 hound zombies
  3 hound skeletons
  14 hounds
  13 iguanas
  A scorpion (D:13)
  A brain worm simulacrum (D:13)
  4 big fish (D:13)
  50 orc wizards
  11 porcupines
  34 worker ants
  A deep elf soldier (D:8)
  4 spectral orcs (Orc:3)
  A big kobold simulacrum (D:13)
  24 sheep
  3 jellies
  The ghost of kDorchaDelvin the Ruinous, a weakling TeCj (D:3)
  4 mummies
  A worker ant simulacrum (D:13)
  2 flying skulls (Volcano)
  14 adders
  3 giant centipedes
  A giant centipede zombie (D:11)
  2 giant mites
  3 gnolls (D:2)
  40 green rats
  4 white imps (D:13)
  An ufetubus (D:13)
  13 worms
  A grey rat (Lair:1)
  2 giant eyeballs
  5 giant geckos
  221 orcs
  14 goblins
  18 hobgoblins
  7 jackals
  25 kobolds
  8 quokkas
  A ball python (D:4)
  35 bats
  7 giant cockroaches
  7 giant newts
  5 orc zombies (Orc:4)
  2 quokka zombies
  27 rats
  A rat skeleton (D:5)
  A bush (Lair:2)
  19 fungi
  16 plants
  6 toadstools
1054 creatures vanquished.

Vanquished Creatures (others)
  An orc warrior (Orc:1)
  A sheep (D:13)
  An orc wizard (Orc:4)
  2 green rats (Lair:1)
  An orc (D:5)
  2 jackals (D:2)
  2 kobolds (D:11)
  2 fungi
  6 plants
  5 toadstools
23 creatures vanquished.

Grand Total: 1077 creatures vanquished

Notes
Turn   | Place    | Note
--------------------------------------------------------------
     0 | D:1      | CrazyArbalest, the Minotaur Hunter, began the quest for the Orb.
     0 | D:1      | Reached XP level 1. HP: 17/17 MP: 0/0
   287 | D:1      | Reached XP level 2. HP: 19/24 MP: 0/0
   636 | D:1      | Reached skill level 5 in Crossbows
   721 | D:1      | Reached XP level 3. HP: 24/29 MP: 1/1
  1343 | D:2      | Found a shimmering altar of Xom.
  2247 | D:3      | Reached XP level 4. HP: 19/36 MP: 1/1
  2442 | D:3      | Noticed kDorchaDelvin's ghost (weakling TeCj)
  2796 | D:3      | Reached skill level 1 in Armour
  2821 | D:3      | Reached skill level 1 in Stealth
  2840 | D:3      | Reached skill level 1 in Polearms
  3079 | D:3      | Noticed an ogre
  3095 | D:3      | Killed an ogre
  3095 | D:3      | Reached XP level 5. HP: 23/42 MP: 1/1
  3369 | D:3      | Reached skill level 6 in Crossbows
  3849 | D:2      | Reached XP level 6. HP: 49/49 MP: 2/2
  4122 | D:3      | Killed kDorchaDelvin's ghost
  4877 | D:4      | Found an iron altar of Okawaru.
  4901 | D:4      | Became a worshipper of Warmaster Okawaru
  5145 | D:4      | Found a staircase to the Ecumenical Temple.
  5244 | D:5      | Entered Level 5 of the Dungeon
  5411 | D:5      | Noticed Edmund
  5635 | D:5      | Reached XP level 7. HP: 56/56 MP: 2/2
  5645 | D:5      | Reached skill level 7 in Crossbows
  5783 | D:5      | Killed Edmund
  6011 | D:5      | Found a radiant altar of Vehumet.
  6284 | D:5      | Acquired Okawaru's first power
  7002 | D:6      | Found an ancient bone altar of Kikubaaqudgha.
  7358 | D:7      | Reached skill level 8 in Crossbows
  7358 | D:7      | Reached skill level 1 in Traps & Doors
  7395 | D:7      | Reached XP level 8. HP: 62/62 MP: 2/2
  7593 | D:7      | Noticed a spriggan baker
  7600 | D:7      | Killed a spriggan baker
  8136 | D:7      | Reached skill level 9 in Crossbows
  8205 | D:8      | Reached skill level 5 in Dodging
  8384 | D:8      | Reached skill level 1 in Maces & Flails
  8384 | D:8      | Reached XP level 9. HP: 14/69 MP: 3/3
  8576 | D:8      | Reached skill level 10 in Crossbows
  8576 | D:8      | Reached skill level 5 in Armour
  8773 | D:8      | Found a staircase to the Lair.
  8957 | D:8      | Got a steaming war axe
  8961 | D:8      | Identified the war axe "Jellybane" {freeze, *Tele +Lev Dex+3 Int+4} (You found it on level 8 of the Dungeon)
  8964 | D:8      | Found a snail-covered altar of Cheibriados.
  9425 | D:8      | Reached skill level 1 in Axes
  9686 | D:9      | Found Brigih's Weapon Shop.
  9898 | D:9      | Noticed Banto's ghost (experienced SESt)
 10306 | D:9      | Reached skill level 11 in Crossbows
 10594 | D:10     | Entered Level 10 of the Dungeon
 10970 | D:10     | Noticed a trapdoor spider zombie
 11163 | D:10     | Killed a trapdoor spider zombie
 11163 | D:10     | Reached XP level 10. HP: 73/77 MP: 4/4
 11230 | D:10     | Reached skill level 1 in Invocations
 11277 | D:10     | Reached skill level 12 in Crossbows
 11285 | D:10     | Noticed Josephine
 11319 | D:10     | Killed Josephine
 11434 | D:10     | Killed an unseen horror
 11434 | D:10     | Acquired Okawaru's second power
 11434 | D:10     | Reached skill level 13 in Crossbows
 11602 | D:10     | Received a gift from Okawaru
 12089 | D:10     | Reached skill level 14 in Crossbows
 12235 | D:10     | Received a gift from Okawaru
 12273 | D:10     | Noticed a queen ant
 12289 | D:10     | Killed a queen ant
 12289 | D:10     | Reached XP level 11. HP: 46/83 MP: 5/5
 12768 | Lair:1   | Entered Level 1 of the Lair of Beasts
 12823 | Lair:1   | Noticed Gastronok
 12872 | Lair:1   | Killed Gastronok
 12872 | Lair:1   | Received a gift from Okawaru
 12872 | Lair:1   | Reached skill level 15 in Crossbows
 12895 | Lair:1   | Received a gift from Okawaru
 14107 | Lair:2   | Found a dark tunnel.
 14124 | Lair:2   | Received a gift from Okawaru
 14196 | Volcano  | Entered a volcano
 14810 | Lair:2   | Received a gift from Okawaru
 14837 | Lair:2   | Reached skill level 16 in Crossbows
 15033 | Lair:2   | Reached skill level 5 in Fighting
 15188 | Lair:2   | Received a gift from Okawaru
 15191 | Lair:2   | Got a heavily jewelled robe {god gift}
 15199 | Lair:2   | Identified the +2 robe of Dyspraxia {god gift} (Okawaru gifted it to you on level 2 of the Lair of Beasts)
 15620 | Lair:2   | Reached skill level 1 in Stabbing
 16109 | Lair:3   | Reached XP level 12. HP: 83/92 MP: 6/6
 16929 | Lair:4   | Found a staircase to the Swamp.
 17247 | Lair:4   | Reached skill level 17 in Crossbows
 18906 | Lair:6   | Reached skill level 5 in Axes
 19234 | Lair:6   | Found a staircase to the Snake Pit.
 20330 | Lair:7   | Received a gift from Okawaru
 20389 | Lair:7   | Reached skill level 18 in Crossbows
 20481 | Lair:7   | Found a staircase to the Slime Pits.
 20481 | Lair:7   | Noticed a four-headed hydra
 20488 | Lair:7   | Killed a four-headed hydra
 20528 | Lair:7   | Received a gift from Okawaru
 20803 | Lair:7   | Noticed an eight-headed hydra
 20875 | Lair:7   | Killed an eight-headed hydra
 20918 | Lair:7   | Reached skill level 19 in Crossbows
 20999 | Lair:7   | Received a gift from Okawaru
 21108 | Lair:7   | Found a shimmering altar of Xom.
 21157 | Lair:7   | You fall through a shaft!
 21157 | Lair:8   | Entered Level 8 of the Lair of Beasts
 21175 | Lair:8   | Noticed a death yak
 21175 | Lair:8   | Noticed a death yak
 21176 | Lair:8   | Noticed a death yak
 21177 | Lair:8   | Noticed a death yak
 22268 | Lair:7   | Reached XP level 13. HP: 98/100 MP: 7/7
 22527 | Lair:7   | Noticed a five-headed hydra
 22983 | Lair:6   | Killed a death yak
 23300 | Lair:6   | Killed a death yak
 23755 | D:11     | Noticed Nessos
 23887 | D:11     | Noticed Harold
 23897 | D:11     | Killed Harold
 24009 | D:11     | Received a gift from Okawaru
 24023 | D:11     | Reached skill level 20 in Crossbows
 24054 | D:11     | Noticed an eight-headed hydra
 24119 | D:11     | Reached skill level 10 in Dodging
 24224 | D:11     | Killed an eight-headed hydra
 24227 | D:11     | Received a gift from Okawaru
 24362 | D:11     | Received a gift from Okawaru
 24439 | D:11     | Paralysed by a giant eyeball for 2 turns
 24530 | D:11     | Found a roughly hewn altar of Beogh.
 24549 | D:11     | Found a staircase to the Orcish Mines.
 24717 | Orc:1    | Entered Level 1 of the Orcish Mines
 25242 | Orc:1    | Found Phiduela's Assorted Antiques.
 25263 | Orc:1    | Bought a scroll of identify for 46 gold pieces
 25263 | Orc:1    | Bought a scroll of identify for 46 gold pieces
 25659 | Orc:1    | Noticed Duvessa
 25663 | Orc:1    | Noticed Dowan
 25670 | Orc:1    | Killed Duvessa
 25678 | Orc:1    | Killed Dowan
 25882 | Orc:2    | Found Skax's Magic Scroll Boutique.
 25895 | Orc:2    | Bought a scroll of identify for 28 gold pieces
 25895 | Orc:2    | Bought a scroll of magic mapping for 49 gold pieces
 25895 | Orc:2    | Bought a scroll of fog for 28 gold pieces
 25895 | Orc:2    | Bought a scroll of identify for 28 gold pieces
 26432 | Orc:1    | Noticed Erolcha
 26442 | Orc:1    | Paralysed by it for 3 turns
 26497 | Orc:1    | Killed Erolcha
 26693 | Orc:3    | Noticed Nergalle
 26708 | Orc:3    | Killed Nergalle
 26708 | Orc:3    | Received a gift from Okawaru
 27084 | Orc:3    | Noticed Donald
 27085 | Orc:3    | Noticed Erica
 27170 | Orc:3    | Killed Donald
 27304 | Orc:3    | Killed Erica
 27481 | Orc:3    | Reached skill level 21 in Crossbows
 27599 | Orc:4    | Entered Level 4 of the Orcish Mines
 28281 | Orc:4    | Found a staircase to the Elven Halls.
 28443 | Orc:4    | Paralysed by an orc sorcerer for 7 turns
 28459 | Orc:4    | Received a gift from Okawaru
 28721 | Orc:4    | Noticed beholder's ghost (powerful SpSt)
 28740 | Orc:4    | Killed beholder's ghost
 28788 | Orc:4    | Paralysed by an orc sorcerer for 6 turns
 29162 | Orc:4    | Found Roypaopp's Distillery.
 29162 | Orc:4    | Found Ycea's Magic Scroll Emporium.
 29164 | Orc:4    | Received a gift from Okawaru
 29176 | Orc:4    | Bought a potion of curing for 30 gold pieces
 29176 | Orc:4    | Bought a potion of curing for 30 gold pieces
 29176 | Orc:4    | Bought a potion of heal wounds for 45 gold pieces
 29176 | Orc:4    | Bought a potion of curing for 30 gold pieces
 29176 | Orc:4    | Bought a potion of curing for 30 gold pieces
 29186 | Orc:4    | Bought a scroll of identify for 32 gold pieces
 29186 | Orc:4    | Bought a scroll of identify for 32 gold pieces
 29241 | Orc:4    | Found a roughly hewn altar of Beogh.
 29438 | Orc:4    | Reached XP level 14. HP: 108/108 MP: 8/8
 29535 | Orc:4    | Reached XP level 13. HP: 59/101 MP: 7/7
 29547 | Orc:4    | Gained mutation: You have a fast metabolism. [a neqoxec]
 29921 | Orc:4    | Found Rianax's Magical Wand Boutique.
 29921 | Orc:4    | Found Orawur's Weapon Emporium.
 30095 | Orc:4    | Received a gift from Okawaru
 30098 | Orc:4    | Got a jewelled battleaxe {god gift}
 30100 | Orc:4    | Identified the battleaxe of Prudence {god gift, pain, MR} (Okawaru gifted it to you on level 4 of the Orcish Mines)
 30171 | Orc:4    | Found a roughly hewn altar of Beogh.
 30179 | Orc:4    | Found Roypaopp's Distillery.
 30179 | Orc:4    | Found Ycea's Magic Scroll Emporium.
 30408 | Orc:4    | Found Rianax's Magical Wand Boutique.
 30408 | Orc:4    | Found Orawur's Weapon Emporium.
 30459 | Orc:4    | Found a staircase to the Elven Halls.
 31239 | Lair:6   | Killed a five-headed hydra
 31319 | Lair:7   | Killed a death yak
 31675 | Lair:8   | Killed a death yak
 31675 | Lair:8   | Reached XP level 14. HP: 95/108 MP: 8/8
 31834 | Lair:8   | Noticed an eight-headed hydra
 31843 | Lair:8   | Killed an eight-headed hydra
 31843 | Lair:8   | Reached skill level 22 in Crossbows
 33560 | Lair:8   | Received a gift from Okawaru
 33634 | Lair:8   | Noticed an anaconda
 33659 | Lair:8   | Killed an anaconda
 33785 | Lair:8   | Noticed a dire elephant
 33785 | Lair:8   | Noticed a dire elephant
 33892 | Lair:8   | Noticed a dire elephant
 33915 | Lair:8   | Killed a dire elephant
 33938 | Lair:8   | Noticed a dire elephant
 33941 | Lair:8   | Noticed a dire elephant
 33971 | Lair:8   | Killed a dire elephant
 33971 | Lair:8   | Received a gift from Okawaru
 34291 | Lair:8   | Killed a dire elephant
 34343 | Lair:8   | Got a warped splint mail {god gift}
 34662 | Lair:8   | Noticed a dire elephant
 34693 | Lair:8   | Killed a dire elephant
 34848 | Lair:8   | Killed a dire elephant
 34864 | Lair:8   | Killed a dire elephant
 34912 | Lair:8   | Got a slimy iron ring
 35303 | Lair:2   | Identified the +5 splint mail of Bedevilment {god gift} (Okawaru gifted it to you on level 8 of the Lair of Beasts)
 36186 | D:11     | Reached skill level 5 in Polearms
 36189 | D:11     | Killed Nessos
 36189 | D:11     | Reached skill level 23 in Crossbows
 36731 | D:12     | Got a pair of faintly humming gloves
 36735 | D:12     | Identified the cursed +0 pair of gloves "Criojaxy" (You found it on level 12 of the Dungeon)
 36782 | D:12     | Found a gateway to a ziggurat.
 37304 | D:13     | Received a gift from Okawaru
 37571 | D:13     | Noticed Urug
 37592 | D:13     | Killed Urug
 37592 | D:13     | Received a gift from Okawaru
 38180 | D:12     | Reached XP level 15. HP: 84/117 MP: 10/10
 38810 | D:13     | HP: 2/117 [electric eel/bolt of electricity (7)]
 38811 | D:13     | Killed from afar by an electric eel
